 Dungeon Crawl Stone Soup version 0.29-a0-668-g12ee2bf84d (webtiles) character file.

Game seed: 9505977378743789716

6972 happo123 the Geomancer (level 11, -9/96 HPs)
             Began as a Gargoyle Earth Elementalist on June 23, 2022.
             Was a Follower of Vehumet.
             Engulfed by a steam dragon's steam (14 damage)
             ... on level 8 of the Dungeon.
             The game lasted 01:00:03 (6865 turns).

happo123 the Geomancer (GrEE)                       Turns: 6865, Time: 01:00:03

Health: -9/96      AC: 25    Str: 12    XL:     11   Next: 8%
Magic:  10/18      EV:  2    Int: 24    God:    Vehumet [*.....]
Gold:   86         SH:  5    Dex: 12    Spells: 11/20 levels left

rFire   . . .      SeeInvis .   G - +0 battleaxe
rCold   . . .      Faith    .   (shield currently unavailable)
rNeg    + . .      Spirit   .   (body armour currently unavailable)
rPois   ∞          Reflect  +   (helmet currently unavailable)
rElec   .          Harm     .   (cloak currently unavailable)
rCorr   .          Rampage  .   (gloves currently unavailable)
Will    .....      NoTele   +   (boots currently unavailable)
Stlth   +++.......              q - amulet of reflection
HPRegen 0.26/turn               x - +6 ring of intelligence
MPRegen 0.16/turn               o - +4 ring of evasion

@: tree-form
A: stationary, stasis, torment immunity, boosted hp, sickness immunity, AC +8,
negative energy resistance 1, (electricity resistance), torment resistance 1,
petrification resistance
a: Renounce Religion


You were on level 8 of the Dungeon.
You worshipped Vehumet.
Vehumet was aware of your devotion.
You were a tree.
You visited 2 branches of the dungeon, and saw 9 of its levels.

You collected 404 gold pieces.
You spent 318 gold pieces at shops.

Inventory:

Hand Weapons
 e - a +0 dagger
 f - a +0 whip
 w - a +0 falchion of freezing
 G - a +0 battleaxe (weapon)
 I - a +5 vorpal hand crossbow
Armour
 a - a +0 robe
 b - an orb of energy
 h - the +1 leather armour "Pahoghox" (melded) {MP+9 Int+4 Dex+4}
   (You found it on level 2 of the Dungeon)

   Int:       It affects your intelligence (+4).
   Dex:       It affects your dexterity (+4).
   MP:        It affects your magic capacity (+9).
 k - a +2 pair of boots of stealth (melded)
 l - a +1 helmet (melded)
 F - a +0 cloak (melded)
Magical Staves
 s - a staff of fire
Jewellery
 j - a +6 ring of dexterity
 o - a +4 ring of evasion (right branch)
 q - an amulet of reflection (around neck)
 x - a +6 ring of intelligence (left branch)
Wands
 u - a wand of iceblast (21)
Scrolls
 c - 4 scrolls of enchant weapon
 d - 2 scrolls of blinking {unknown}
 g - 2 scrolls of torment
 t - 2 scrolls of amnesia
 v - a scroll of fog
 y - 2 scrolls of magic mapping
 B - a scroll of vulnerability {unknown}
 E - 2 scrolls of noise {unknown}
 H - 3 scrolls of poison
 J - a scroll of enchant armour {unknown}
 K - a scroll of brand weapon {unknown}
Potions
 i - 2 potions of brilliance {unknown}
 m - a potion of heal wounds {unknown}
 n - 6 potions of curing
 p - 3 potions of lignification
 r - 2 potions of cancellation {unknown}
 z - 4 potions of mutation {unknown}
 A - a potion of haste {unknown}
 C - 2 potions of attraction {unknown}
 D - a potion of degeneration {unknown}
Miscellaneous
 L - a condenser vane


   Skills:
 + Level 5.8 Fighting
 + Level 4.3 Crossbows
 + Level 5.8 Armour
 + Level 4.8 Dodging
 + Level 6.9 Stealth
 + Level 5.2 Spellcasting
 * Level 5.5 Conjurations
 - Level 4.0 Transmutations
 * Level 9.9 Earth Magic


You had 11 spell levels left.
You knew the following spells:

 Your Spells              Type           Power      Damage    Failure   Level
a - Sandblast             Erth           100%       2d20      1%          1
b - Stone Arrow           Conj/Erth      86%        3d12      1%          3
c - Petrify               Tmut/Erth      39%        N/A       4%          4
d - Shock                 Conj/Air       76%        1d7       2%          1

Your spell library contained the following spells:

 Spells                   Type           Power      Damage    Failure   Level
 Passwall                 Tmut/Erth      32%        N/A       1%          2
 Sting                    Tmut/Pois      60%        1d6       3%          1
 Summon Small Mammal      Summ           24%        N/A       9%          1
 Conjure Flame            Conj/Fire      19%        6-21      9%          3
 Blink                    Tloc           12%        N/A       13%         2
 Poisonous Vapours        Pois/Air       12%        N/A       13%         2
 Ignite Poison            Fire/Tmut/Pois 12%        N/A       16%         3
 Call Canine Familiar     Summ           6%         N/A       26%         3
 Gell's Gravitas          Tloc           6%         N/A       26%         3
 Inner Flame              Hex/Fire       6%         N/A       26%         3
 Lesser Beckoning         Tloc           6%         N/A       26%         3
 Summon Guardian Golem    Hex/Summ       6%         N/A       26%         3
 Teleport Other           Tloc           6%         N/A       26%         3
 Tukima's Dance           Hex            6%         N/A       26%         3
 Sticky Flame             Conj/Fire      19%        2d4       28%         4
 Cause Fear               Hex            3%         N/A       65%         4
 Olgreb's Toxic Radiance  Pois           6%         N/A       65%         4
 Passage of Golubria      Tloc           6%         N/A       65%         4
 Yara's Violent Unravell  Hex/Tmut       7%         3d5       71%         5
 Manifold Assault         Tloc           6%         N/A       94%         5
 Dispersal                Tloc           3%         N/A       100%        6
 Discord                  Hex            3%         N/A       100%        8


Dungeon Overview and Level Annotations

Branches:
Dungeon (8/15)             Temple (1/1) D:6
   Lair: D:8-11

Altars:
Cheibriados
Dithmenos
Elyvilon
Fedhas
Gozag
Hepliaklqana
Kikubaaqudgha
Makhleb
Okawaru
Ru
Sif Muna
Uskayaw
Vehumet
Wu Jian
Xom
Zin
The Shining One

Shops:
D:1 =   D:2 ?   D:4 =   D:7 (*(


Innate Abilities, Weirdness & Mutations

You are a tree.
Your roots penetrate the ground, keeping you stationary.
You cannot be teleported.
You are immune to unholy pain and torment.
Your maximum health is greatly increased.
Your equipment is partially melded.
You are immune to sickness and miasma.
((Your stone body is resilient. (AC +8)))
You are immune to poison.
You resist negative energy. (rN+)
((You are resistant to electric shocks. (rElec)))
You are resistant to unholy torment.
You are immune to petrification.


Message History

You hear an angry buzzing noise.
A killer bee comes into view.
The steam dragon breathes steam at you. The ball of steam hits you.
The killer bee stings you. The steam dragon completely misses you.
The steam dragon barely misses you.
The killer bee stings you but does no damage. x2
The killer bee moves out of view.
You hear an angry buzzing noise.
You closely miss the steam dragon.
The steam dragon is heavily wounded.
You hit the killer bee.
You hit the killer bee but do no damage.
You are engulfed in a cloud of scalding steam.
You hear an angry buzzing noise.
The killer bee completely misses you. x2
The killer bee stings you but does no damage.
The killer bee stings you.
The steam dragon bites you but does no damage.
The steam dragon claws you but does no damage.
The killer bee stings you but does no damage.
The killer bee stings you. The steam dragon breathes steam at you.
The ball of steam hits you!
You hit the steam dragon.
The steam dragon is severely wounded.
You closely miss the killer bee. x2
You are engulfed in a cloud of scalding steam.
* * * LOW HITPOINT WARNING * * *
The killer bee stings you!
* * * LOW HITPOINT WARNING * * *
The killer bee stings you but does no damage. x3
The steam dragon bites you but does no damage.
The steam dragon claws you.
* * * LOW HITPOINT WARNING * * *
The killer bee stings you but does no damage. x2
You slash the steam dragon!
The steam dragon is almost dead.
You miss the killer bee. You barely miss the killer bee.
You are engulfed in a cloud of scalding steam.
You die...

#..#♣...♣#.♣.♣.#
##.#♣♣.♣♣#.♣.♣.#
#.#♣...♣#.♣♣♣.#
#)#♣♣.♣♣#♣.♣.♣# #z#♣...♣
♣.♣.♣# ##+# #.#♣♣.♣♣
♣♣.♣♣# ##..§#
#.############
##.....###D##...... ..#
#......♣#§§##..##.# #.#
......yyD.###...#.###.##
........................
.........####.....###.##
#.......## #..#### #.#
##.....## #..######.#
##...# #.........# ##+#
##.######## #.#


You could see a steam dragon (catching breath) and 2 killer bees.

Vanquished Creatures
  A hydra (D:8)
  Erica (D:8)
  Pikel (D:7)
  An ugly thing (D:8)
  A cyclops (D:8)
  Maggie (D:6)
  A hornet (D:8)
  A slime creature (D:8)
  A shadow (D:8)
  A vampire mosquito (D:8)
  A wyvern (D:7)
  A steam dragon (D:6)
  Menkaure (D:7)
  A water moccasin (D:6)
  2 ice beasts
  A sky beast (D:5)
  3 orc warriors
  A black bear (D:6)
  5 centaurs
  A lemure (D:7)
  A phantom (D:7)
  3 bullfrogs
  2 necrophages
  5 scorpions
  8 wights
  A killer bee (D:8)
  A howler monkey (D:4)
  6 orc priests
  2 hounds (D:7)
  Crazy Yiuf (D:7)
  4 iguanas
  8 orc wizards
  10 gnolls
  7 adders
  2 white imps
  An ufetubus (D:5)
  A worm (D:3)
  5 dart slugs
  33 orcs
  9 ball pythons
  5 endoplasms
  2 giant cockroaches
  5 hobgoblins
  2 jackals (D:3)
  5 quokkas
  4 bats
  A frilled lizard (D:1)
  8 goblins
  2 kobolds
  6 rats
177 creatures vanquished.

Vanquished Creatures (others)
  A kobold brigand (D:5)
  A wight (D:8)
2 creatures vanquished.

Grand Total: 179 creatures vanquished

Notes
Turn   | Place    | Note
-------+----------+-------------------------------------------
     0 | D:1      | happo123 the Gargoyle Earth Elementalist began the quest
                  | for the Orb.
     0 | D:1      | Reached XP level 1. HP: 10/10 MP: 3/3
    85 | D:1      | Found Dyamp's Jewellery Emporium.
   342 | D:1      | Reached skill level 1 in Transmutations
   376 | D:1      | Reached XP level 2. HP: 15/15 MP: 3/5
   431 | D:1      | Found a faded altar of an unknown god.
   912 | D:1      | Reached skill level 4 in Earth Magic
   912 | D:1      | Reached XP level 3. HP: 16/20 MP: 2/6
   916 | D:1      | Learned a level 3 spell: Stone Arrow
  1141 | D:2      | Identified the +1 leather armour "Pahoghox" {MP+9 Int+4
                  | Dex+4}
  1562 | D:2      | Reached skill level 1 in Fighting
  1564 | D:2      | Reached skill level 1 in Armour
  1564 | D:2      | Reached XP level 4. HP: 11/25 MP: 7/7
  1834 | D:2      | Found Rarchimn's Magic Scroll Shop.
  1847 | D:2      | Bought a scroll of identify for 26 gold pieces
  1847 | D:2      | Bought a scroll of identify for 26 gold pieces
  1847 | D:2      | Bought a scroll of identify for 26 gold pieces
  2632 | D:3      | Reached XP level 5. HP: 27/29 MP: 8/8
  2764 | D:4      | Found a shimmering altar of Xom.
  2844 | D:4      | Found Yghistra's Jewellery Shop.
  2856 | D:4      | Reached XP level 6. HP: 30/35 MP: 9/9
  2962 | D:4      | Reached skill level 5 in Earth Magic
  3099 | D:4      | Learned a level 4 spell: Petrify
  3238 | D:4      | Reached XP level 7. HP: 39/40 MP: 11/11
  3622 | D:5      | Entered Level 5 of the Dungeon
  3754 | D:5      | Found a hide-covered altar of Uskayaw.
  3994 | D:5      | You fall into a shaft and drop 2 floors!
  4082 | D:7      | Reached skill level 6 in Earth Magic
  4082 | D:7      | Reached XP level 8. HP: 46/46 MP: 12/12
  4213 | D:7      | Found Odeb Fic's Antique Weapon Boutique.
  4218 | D:7      | Bought a glowing hand crossbow for 240 gold pieces
  4254 | D:7      | Found Boalaheu's Assorted Antiques.
  4405 | D:5      | Reached skill level 1 in Crossbows
  4476 | D:5      | Reached skill level 7 in Earth Magic
  4589 | D:6      | Reached skill level 5 in Stealth
  4589 | D:6      | Reached skill level 1 in Conjurations
  4589 | D:6      | Reached XP level 9. HP: 46/52 MP: 14/14
  4892 | D:6      | Found a staircase to the Ecumenical Temple.
  4901 | Temple   | Entered the Ecumenical Temple
  4905 | Temple   | Became a worshipper of Vehumet
  5401 | D:6      | Noticed Maggie
  5408 | D:6      | Killed Maggie
  5409 | D:6      | Reached skill level 8 in Earth Magic
  5589 | D:7      | Noticed Pikel
  5705 | D:7      | Found Tiuneeps's Weapon Shoppe.
  5783 | D:7      | Found a runed translucent door.
  5784 | D:7      | Noticed Crazy Yiuf
  5789 | D:7      | Killed Crazy Yiuf
  5841 | D:7      | Found a shadowy altar of Dithmenos.
  5888 | D:7      | Reached * piety under Vehumet
  5888 | D:7      | Offered knowledge of Shock by Vehumet.
  5928 | D:7      | Noticed Menkaure
  5932 | D:7      | Killed Menkaure
  5938 | D:7      | Reached XP level 10. HP: 58/58 MP: 16/16
  5998 | D:7      | Killed Pikel
  5999 | D:7      | Reached skill level 5 in Fighting
  6155 | D:8      | Reached skill level 5 in Armour
  6198 | D:8      | Reached skill level 9 in Earth Magic
  6362 | D:8      | Learned a level 1 spell: Shock
  6376 | D:8      | Noticed a seven-headed hydra
  6398 | D:8      | Killed a seven-headed hydra
  6490 | D:8      | Noticed a cyclops
  6493 | D:8      | Noticed a white ugly thing
  6501 | D:8      | Killed a cyclops
  6502 | D:8      | Reached skill level 5 in Spellcasting
  6510 | D:8      | Killed a white ugly thing
  6511 | D:8      | Reached skill level 5 in Conjurations
  6837 | D:8      | Noticed Erica
  6847 | D:8      | Killed Erica
  6848 | D:8      | Reached XP level 11. HP: 50/64 MP: 14/18
  6865 | D:8      | Engulfed by a steam dragon's steam

Illustrated notes

Levels and vault maps discovered:
D:1:      minmay_arrival_doors, layout_loops_corners,
          shapermc_ecumenical_altar_acropolis, serial_shops, shop_fountains
D:2:      layout_loops_corners, serial_shops, nicolae_shop_trees,
          minmay_misc_feat_x, hangedman_abyss_or_decor_stabs
D:3:      layout_loops_cross
D:4:      layout_layer_cave, xom_teletrap_fun, serial_shops, shop
D:5:      kennysheep_big_flooded_room, layout_cave_pools,
          eat_drink_and_be_merry_uskayaw, hangedman_decor_growths
D:6:      layout_basic, lemuel_temple_firewalk_b, uniq_maggie
D:7:      layout_basic, general_overflow_altar, serial_shops,
          nicolae_diamond_shop, nicolae_shop_trees, nicolae_lakefront_shop,
          uniq_pikel, uniq_menkaure, uniq_crazy_yiuf_cottage
D:8:      nzn_winding_woodlands_three_and_one [nzn_winding_woodlands_5x15_pool,
          nzn_winding_woodlands_5x15_eye, nzn_winding_woodlands_5x15_zeroes,
          nzn_winding_woodlands_center_triple_pond], layout_loops_corners,
          lemuel_tele_altar, uniq_psyche, uniq_gastronok, uniq_joseph,
          uniq_erica
Temple:   zaba_magenta_temple

Skill      XL: |  1  2  3  4  5  6  7  8  9 10 |
---------------+-------------------------------+-----
Transmutations | 1 2 3 4 |  4.0
Earth Magic    | 4 5 6 7 8 9 |  9.9
Fighting       | 1 2 3 4 5 |  5.8
Armour         | 1 2 3 4 5 |  5.8
Dodging        | 2 3 4 |  4.8
Stealth        | 3 4 5 6 |  6.9
Spellcasting   | 3 4 5 |  5.2
Crossbows      | 1 3 4 |  4.3
Conjurations   | 1 3 5 |  5.5

Action                   |  1- 3 |  4- 6 |  7- 9 | 10-12 || total
-------------------------+-------+-------+-------+-------++-------
Melee: Unarmed           |     1 |       |       |       ||     1
       Whip              |    12 |    37 |       |       ||    49
       Punch             |       |     1 |       |       ||     1
       Falchion          |       |       |    18 |       ||    18
       Battleaxe         |       |       |       |    14 ||    14
       Hand crossbow     |       |       |       |     1 ||     1
 Fire: Hand crossbow     |       |       |   102 |    34 ||   136
 Cast: Sandblast         |    38 |    71 |    60 |    24 ||   193
       Stone Arrow       |       |     3 |    57 |    37 ||    97
       Petrify           |       |       |     1 |       ||     1
       Shock             |       |       |       |     6 ||     6
  Use: Scroll            |       |     4 |     4 |       ||     8
       Potion            |       |       |       |     2 ||     2
 Stab: Sleeping          |     1 |     4 |       |       ||     5
Armor: Robe              |     2 |       |       |       ||     2
       Leather armour    |     8 |    32 |    31 |    38 ||   109
       Skin              |       |       |       |    29 ||    29
Dodge: Dodged            |    20 |    75 |    80 |    52 ||   227
Block: Other             |       |    24 |    28 |    16 ||    68
       Reflection        |       |       |     4 |     1 ||     5

Table legend: (Time is in decaauts)
 A = Elapsed time spent in this place.
 B = Non-inter-level travel time spent in this place.
 C = Inter-level travel time spent in this place.
 D = Time resting spent in this place.
 E = Time spent auto-exploring this place.
 F = Levels seen in this place.
 G = Mean time per level.
                   A        B        C        D        E       F      G
               +--------+--------+--------+--------+--------+-----+--------+
         Total |   7163 |   4798 |   2365 |   1054 |   2130 |   9 |  795.9 |
       Dungeon |   7088 |   4743 |   2345 |   1054 |   2082 |   8 |  886.0 |
        Temple |     75 |     55 |     20 |      0 |     48 |   1 |   75.0 |
               +--------+--------+--------+--------+--------+-----+--------+

Top non-repeatable levels by time:
     D:1: 1150 daAuts
     D:4: 1008 daAuts
     D:2: 1004 daAuts
     D:6: 996 daAuts
     D:8: 844 daAuts
     D:5: 773 daAuts
     D:7: 730 daAuts
     D:3: 579 daAuts
  Temple: 75 daAuts
